 Dungeon Crawl Stone Soup version 0.31.0-12-g77e489cdc1 (webtiles) character file.

Game seed: 1636381186773514031

224 Gadfly the Sneak (level 5, -1/25 HPs)
             Began as a Spriggan Enchanter on Feb 20, 2024.
             Was an Initiate of Gozag.
             Asphyxiated
             ... in a sewer.
             The game lasted 00:04:52 (2299 turns).

Gadfly the Sneak (Spriggan Enchanter)               Turns: 2299, Time: 00:04:52

Health: -1/25      AC:  3    Str:  4    XL:     5   Next: 67%
Magic:  6/11       EV: 18    Int: 16    God:    Gozag
Gold:   153        SH:  0    Dex: 18    Spells: 6/11 levels left

rFire   . . .        a - +1 dagger
rCold   . . .        (no shield)
rNeg    . . .        b - +1 robe
rPois   .            (helmet restricted)
rElec   .            (no cloak)
rCorr   .            (gloves unavailable)
SInv    +            (boots unavailable)
Will    .....        (no amulet)
Stlth   ++           (no ring)
HPRegen 0.24/turn    (no ring)
MPRegen 0.12/turn

%: no passive effects
@: lethally poisoned (-1 -> -13), slow
A: very small, no large weapons, unfitting armour, see invisible, speed 3
a: Renounce Religion, Potion Petition, Call Merchant, Bribe Branch


You were in a sewer.
You worshipped Gozag.
Gozag was aware of your devotion.
You visited 1 branch of the dungeon, and saw 3 of its levels.
You also visited: Sewer.

You collected 213 gold pieces.
You paid 60 gold pieces to Gozag.

Inventory:

Hand Weapons
 a - a +1 dagger (weapon)
Armour
 b - a +1 robe (worn)
Scrolls
 d - 2 scrolls of identify
Potions
 c - 2 potions of invisibility
 f - 2 potions of haste
 g - a potion of curing


   Skills:
 + Level 1.5 Fighting
 + Level 2.6 Short Blades
 + Level 3.8 Dodging
 + Level 5.4 Stealth
 + Level 3.6 Spellcasting
 + Level 4.3 Hexes
 + Level 2.3 Evocations


You had 6 spell levels left.
You knew the following spells:

 Your Spells              Type           Power      Damage    Failure   Level
a - Ensorcelled Hibernat  Hex/Ice        18%        N/A       11%         2
b - Confusing Touch       Hex            16%        N/A       9%          3

Your spell library contained the following spells:

 Spells                   Type           Power      Damage    Failure   Level
 Tukima's Dance           Hex            16%        N/A       9%          3
 Dazzling Flash           Conj/Hex       18%        N/A       22%         3
 Passwall                 Erth           2%         N/A       47%         3
 Swiftness                Air            2%         N/A       47%         3


Dungeon Overview and Level Annotations

Branches:
Dungeon (3/15)              Sewer (1/1)

Altars:
Gozag


Innate Abilities, Weirdness & Mutations

You are very small and have problems with some larger weapons.
You are too small for most types of armour.
You have supernaturally acute eyesight. (SInv)
You cover ground extremely quickly. (Speed+++)


Message History

The kobold brigand hits you but does no damage.
You hit the kobold brigand.
The kobold brigand is almost dead.
The jackal pauses to sniff the water.
Your unstable footing causes you to fumble your attack.
The kobold brigand misses you.
Your unstable footing causes you to fumble your attack.
You hit the kobold brigand but do no damage.
The kobold brigand is almost dead.
The kobold shouts!
You hit the kobold brigand but do no damage.
The kobold brigand is almost dead.
You hit the kobold brigand but do no damage.
The kobold brigand is almost dead.
The kobold brigand hits you with a +0 short sword.
* * * LOW HITPOINT WARNING * * *
You hit the kobold brigand but do no damage.
The kobold brigand is almost dead.
The kobold brigand closely misses you.
You hit the kobold brigand but do no damage.
The kobold brigand is almost dead.
The kobold brigand looks very confused.
You hit the kobold brigand but do no damage.
The kobold brigand is almost dead.
You hit the kobold brigand.
The kobold brigand is almost dead.
You enter the shallow water.
Moving in this stuff is going to be slow.
The kobold brigand seems less confused.
Things that are here:
8 gold pieces; a +0 short sword; a curare-tipped dart You see here 6 gold pieces.
The kobold brigand throws a curare-tipped dart.
The curare-tipped dart misses you.
The kobold brigand throws a curare-tipped dart.
The curare-tipped dart hits you.
You are lethally poisoned!
You have difficulty breathing.
You die...
Your body crumbles into a pile of gold.

#...~~~.# #..~~~~~# #~~≈≈≈~.#
#~~≈≈≈~~# #.~≈≈≈~K# #.~~≈~K.#
#.~K≈~..#
#~~K≈~/$#######################
#~.h≈~~KK~~$~~@~~~~~~~~~~~~....
#..~≈~~.#######################
##~~≈~.## #.~≈~.# #.~≈≈~#
∩..~≈~.# ##.~≈~.# #.~≈~.


You could see a kobold brigand and a kobold.

Vanquished Creatures
  A kobold brigand (Sewer)
  Terence (D:2)
  3 adders (D:2)
  5 river rats
  A ribbon worm (D:2)
  2 dart slugs
  2 bats (D:2)
  4 endoplasms
  4 giant cockroaches
  4 goblins
  6 hobgoblins
  4 jackals
  2 quokkas (D:2)
  4 ball pythons
  A frilled lizard (D:1)
  2 kobolds
  16 rats
62 creatures vanquished.

Notes
Turn   | Place    | Note
-------+----------+-------------------------------------------
     0 | D:1      | Gadfly the Spriggan Enchanter began the quest for the Orb.
     0 | D:1      | Reached XP level 1. HP: 9/9 MP: 5/5
   108 | D:1      | Reached XP level 2. HP: 13/13 MP: 6/6
   439 | D:1      | Learned a level 2 spell: Ensorcelled Hibernation
   538 | D:2      | Reached skill level 1 in Evocations
   672 | D:2      | Reached XP level 3. HP: 10/17 MP: 1/8
   727 | D:2      | Learned a level 3 spell: Confusing Touch
  1010 | D:2      | Reached skill level 1 in Fighting
  1361 | D:2      | Reached XP level 4. HP: 18/22 MP: 7/9
  1435 | D:2      | Reached skill level 5 in Stealth
  1509 | D:2      | Noticed Terence
  1515 | D:2      | Killed Terence
  1902 | D:3      | Found an opulent altar of Gozag.
  1912 | D:3      | Became a worshipper of Gozag Ym Sagoz the Greedy
  2012 | D:3      | Found a glowing drain.
  2077 | Sewer    | Entered a sewer
  2094 | Sewer    | Reached XP level 5. HP: 15/25 MP: 4/11
  2299 | Sewer    | Asphyxiated

Illustrated notes

Levels and vault maps discovered:
D:1:      dpeg_arrival_refuge, layout_rooms, minivault_23
D:2:      layout_loops_ring, minmay_tromino_mix6, uniq_terence
D:3:      layout_loops_corners, mainiacjoe_overflow_cross_hatched,
          portal_sewer_entry_a, shapermc_ecumenical_altar_mp_ritualfount,
          eino_tiny_chamber, minmay_diced_spiral
Sewer:    sewer_kobolds

Skill      XL: |  1  2  3  4 |
---------------+-------------+-----
Evocations     | 1 2 |  2.3
Dodging        | 3 |  3.8
Spellcasting   | 3 |  3.6
Fighting       | 1 |  1.5
Short Blades   | 2 |  2.6
Hexes          | 4 |  4.3
Stealth        | 5 |  5.4

Action                     |  1- 3 |  4- 6 || total
---------------------------+-------+-------++-------
  Melee: Dagger            |   143 |    82 ||   225
   Cast: Ensorcelled Hiber |    19 |    13 ||    32
         Confusing Touch   |       |     1 ||     1
    Use: Scroll            |     2 |     3 ||     5
   Stab: Sleeping          |    19 |    12 ||    31
         Distracted        |       |     1 ||     1
 Armour: Robe              |    34 |    26 ||    60
  Dodge: Dodged            |   110 |    44 ||   154
